[Event "Titled Tuesday Blitz June 21 Early 2022"]
[White "Yuan, Qingyu"]
[Black "Luo, Terry"]
[WhiteFideId "8609772"]
[BlackFideId "30931045"]
[WhiteElo "2359"]
[BlackElo "2024"]
[Result "0-1"]
[Round "05"]
[TimeControl "180+1"]
[Date "2022.06.22"]
[WhiteClock "0:00:01"]
[BlackClock "0:00:17"]

1. e4 c5 2. Nf3 d6 3. Bb5+ Bd7 4. c4 Nf6 5. Nc3 g6 6. Bxd7+ Nbxd7 7. O-O Bg7 8. d3 O-O 9. a3 Ne8 10. Bd2 Ne5 11. Qe2 Nxf3+ 12. Qxf3 Nc7 13. Rab1 Ne6 14. b4 Nd4 15. Qd1 b6 16. Be3 a5 17. bxc5 bxc5 18. Bxd4 Bxd4 19. Ne2 Bg7 20. Qa4 f5 21. exf5 Rxf5 22. Ng3 Rf7 23. Rb7 Bd4 24. Ne4 Rb8 25. Rfb1 Rxb7 26. Rxb7 Qf8 27. Qc2 Qc8 28. Rb5 Qc7 29. h3 e6 30. Kh1 d5 31. Ng5 Rxf2 32. Qb1 Qg3 33. Rb8+ Kg7 34. Rb7+ Kh6 35. Rxh7+ Kxg5 36. Qg1 Re2 37. Qf1 Re1 0-1


[Site "https://www.chess.com"]

[Event "Titled Tuesday Blitz June 21 Early 2022"]
[White "Zaloznyy, Mike"]
[Black "Mestnikov, Aisen"]
[WhiteFideId "2023075"]
[BlackFideId "34130117"]
[WhiteElo "2003"]
[BlackElo "2027"]
[Result "0-1"]
[Round "05"]
[TimeControl "180+1"]
[Date "2022.06.22"]
[WhiteClock "0:00:08"]
[BlackClock "0:00:07"]

1. Nf3 Nf6 2. e3 d5 3. b3 c5 4. Bb2 Nc6 5. Bb5 Bd7 6. Bxc6 Bxc6 7. Ne5 e6 8. Nxc6 bxc6 9. d3 Be7 10. Nd2 O-O 11. O-O a5 12. a4 Bd6 13. Qe2 e5 14. e4 Re8 15. Rad1 Rb8 16. Ba1 Qd7 17. Rfe1 Qe6 18. Nf3 Nh5 19. g3 Qg6 20. exd5 cxd5 21. Qd2 f6 22. Qxa5 Qg4 23. Nd2 Nf4 24. f3 Nh3+ 25. Kg2 Qh5 26. Qa6 Bf8 27. Qc6 Rbd8 28. Nf1 Ng5 29. Nd2 Qh3+ 30. Kg1 Re6 31. Qb7 c4 32. f4 Bc5+ 33. d4 exd4 34. b4 Bb6 35. fxg5 d3+ 36. Kh1 Re2 37. Rg1 Qxh2# 0-1


[Site "https://www.chess.com"]

[Event "Titled Tuesday Blitz June 21 Early 2022"]
[White "Zierk, Steven"]
[Black "Wagner, Dennis"]
[WhiteFideId "2034255"]
[BlackFideId "24650684"]
[WhiteElo "2494"]
[BlackElo "2355"]
[Result "1-0"]
[Round "05"]
[TimeControl "180+1"]
[Date "2022.06.21"]
[WhiteClock "0:00:22"]
[BlackClock "0:00:07"]

1. d4 Nf6 2. Nc3 d5 3. Bf4 c5 4. e3 cxd4 5. exd4 Bg4 6. f3 Bd7 7. Bd3 Nc6 8. Nge2 Nb4 9. g4 Nxd3+ 10. Qxd3 e6 11. h4 Be7 12. h5 h6 13. O-O-O Qb6 14. Be5 Qa6 15. Qe3 b5 16. Bxf6 gxf6 17. Nf4 Qd6 18. Rhe1 Rc8 19. Ncxd5 exd5 20. Nxd5 Be6 21. Nxe7 Kxe7 22. d5 Qc5 23. Qb3 Qc4 24. dxe6 fxe6 25. Qa3+ b4 26. Qd3 Qxd3 27. Rxd3 Rc7 28. Re4 a5 29. a3 Rhc8 30. axb4 Rxc2+ 31. Kb1 Rc1+ 32. Ka2 axb4 33. Rxb4 R8c7 34. Rb6 R1c5 35. Rb8 Ra5+ 36. Kb3 Kf7 37. Rdd8 e5 38. Rf8+ Ke6 39. Rb6+ Kd5 40. Rfxf6 Kc5 41. Rxh6 Ra1 42. Rb4 Rf7 43. Rc4+ Kd5 44. Rc3 Rb7+ 45. Kc2 Ra2 46. Rd3+ Kc5 47. Rb3 Rf7 48. Re6 Kd5 49. Reb6 Ra1 50. Rd3+ Kc5 51. Rbb3 e4 52. Rbc3+ Kb4 53. Rd4+ Kb5 54. Rxe4 Rd7 55. Kb3 Rad1 56. Rb4+ Ka5 57. Rb8 Ka6 58. Ka2 Ka7 59. Rb4 R7d6 60. Ra3+ Ra6 61. Rxa6+ Kxa6 62. h6 Rh1 63. g5 Ka5 64. Rg4 1-0


[Site "https://www.chess.com"]

[Event "Titled Tuesday Blitz June 21 Early 2022"]
[White "Aaditya Dhingra"]
[Black "Tica, Sven"]
[WhiteFideId "25678191"]
[BlackFideId "14526948"]
[WhiteElo "1849"]
[BlackElo "2346"]
[Result "0-1"]
[Round "06"]
[TimeControl "180+1"]
[Date "2022.06.21"]
[WhiteClock "0:00:15"]
[BlackClock "0:01:53"]

1. e4 g6 2. d4 Bg7 3. Nc3 a6 4. a4 d6 5. f4 Nd7 6. Nf3 c5 7. d5 Ngf6 8. Bd3 O-O 9. O-O Qa5 10. Nd2 b5 11. Ra2 c4 12. Be2 Bb7 13. Kh1 b4 14. Nxc4 Qc7 15. Nb1 Nxe4 16. b3 Rac8 17. Bb2 Bxb2 18. Rxb2 Ndf6 19. Bf3 Bxd5 20. Nbd2 Nc3 21. Qe1 Be6 22. Nb1 Nxa4 23. bxa4 Bxc4 24. Rg1 a5 25. Qh4 Bd5 26. Bxd5 Nxd5 27. Qh6 Qc6 28. Nd2 Qc3 29. Rb3 Qxd2 30. Rh3 Nf6 0-1


[Site "https://www.chess.com"]

[Event "Titled Tuesday Blitz June 21 Early 2022"]
[White "Ajay Krishna, S"]
[Black "Topalov, Aleksandar"]
[WhiteFideId "5096430"]
[BlackFideId "925659"]
[WhiteElo "2247"]
[BlackElo "2179"]
[Result "1/2-1/2"]
[Round "06"]
[TimeControl "180+1"]
[Date "2022.06.21"]
[WhiteClock "0:00:15"]
[BlackClock "0:00:09"]

1. d4 Nf6 2. c4 c5 3. d5 d6 4. Nc3 g6 5. e4 Bg7 6. Nf3 O-O 7. Be2 e6 8. O-O Re8 9. Bf4 exd5 10. exd5 Nh5 11. Be3 Nd7 12. Qd2 Ne5 13. Nxe5 Rxe5 14. Bh6 Nf6 15. Bxg7 Kxg7 16. Bd3 Bd7 17. f4 Re8 18. f5 h6 19. fxg6 fxg6 20. Rf3 Qe7 21. Raf1 Rf8 22. Re1 Qd8 23. Bxg6 Kxg6 24. Rg3+ Kh7 25. Qd3+ Kh8 26. Qg6 Rg8 27. Qxh6+ Nh7 28. Rxg8+ Qxg8 29. Re7 Bf5 30. Qxd6 Qg5 31. Qe5+ Kg8 32. h4 Qg4 33. d6 Rf8 34. Nd5 Bd3 35. Re8 Qxh4 36. Ne7+ Kf7 37. Rxf8+ Nxf8 38. Qxc5 Qe1+ 39. Kh2 Qh4+ 40. Kg1 Qe1+ 41. Kh2 Qh4+ 42. Kg1 1/2-1/2


[Site "https://www.chess.com"]

[Event "Titled Tuesday Blitz June 21 Early 2022"]
[White "Alexiadis, Hristos"]
[Black "Migot, Tangi"]
[WhiteFideId "4249623"]
[BlackFideId "662445"]
[WhiteElo "2416"]
[BlackElo "2502"]
[Result "0-1"]
[Round "06"]
[TimeControl "180+1"]
[Date "2022.06.21"]
[WhiteClock "0:00:40"]
[BlackClock "0:00:22"]

1. e4 e5 2. Nf3 Nc6 3. Bb5 a6 4. Ba4 Nf6 5. Nc3 d6 6. O-O Be7 7. d4 exd4 8. Nxd4 Bd7 9. Nxc6 Bxc6 10. Bxc6+ bxc6 11. b3 O-O 12. Bb2 Nd7 13. Qd3 Bf6 14. Rad1 Re8 15. Rfe1 a5 16. Qc4 c5 17. Na4 Bxb2 18. Nxb2 Nb6 19. Qd3 a4 20. Nc4 Nxc4 21. Qxc4 axb3 22. axb3 Qf6 23. Rd3 Ra1 24. Rdd1 Rxd1 25. Rxd1 g6 26. h3 h5 27. c3 Qe5 28. Re1 Rb8 29. b4 cxb4 30. cxb4 c5 31. bxc5 dxc5 32. Rd1 Rb4 33. Qd5 Rxe4 34. Qxe5 Rxe5 35. Rd8+ Kg7 36. Rc8 Kf6 37. g3 Ke6 38. Kg2 Kd5 39. f4 Re7 40. Kf3 Kd4 41. g4 hxg4+ 42. hxg4 c4 43. Rd8+ Kc3 44. Rc8 Kd3 45. f5 gxf5 46. gxf5 Rd7 47. Kf4 c3 48. Ke5 c2 49. Kf6 Kd2 50. Rc5 c1=Q 51. Rxc1 Kxc1 0-1


[Site "https://www.chess.com"]

[Event "Titled Tuesday Blitz June 21 Early 2022"]
[White "Alinasab, Mobina"]
[Black "Todorovic, Bojan"]
[WhiteFideId "12528897"]
[BlackFideId "917087"]
[WhiteElo "2031"]
[BlackElo "2266"]
[Result "1-0"]
[Round "06"]
[TimeControl "180+1"]
[Date "2022.06.21"]
[WhiteClock "0:01:53"]
[BlackClock "0:01:32"]

1. Nf3 Nf6 2. g3 g6 3. b3 Bg7 4. d4 O-O 5. Bb2 d5 6. Bg2 Ne4 7. O-O c5 8. c3 Nc6 9. e3 b6 10. Nbd2 Ba6 11. Re1 Rc8 12. Nxe4 dxe4 13. Nd2 f5 14. Rc1 Bd3 15. Bf1 e5 16. dxc5 bxc5 17. Nc4 Qd5 18. Qd2 Rcd8 19. Red1 Qe6 20. Qe1 f4 21. exf4 exf4 22. Bxd3 Rxd3 23. Rxd3 Qh3 24. Qxe4 f3 25. Rxf3 1-0


[Site "https://www.chess.com"]

[Event "Titled Tuesday Blitz June 21 Early 2022"]
[White "Andreikin, Dmitry"]
[Black "Oparin, Grigoriy"]
[WhiteFideId "4158814"]
[BlackFideId "24125890"]
[WhiteElo "2736"]
[BlackElo "2639"]
[Result "1/2-1/2"]
[Round "06"]
[TimeControl "180+1"]
[Date "2022.06.21"]
[WhiteClock "0:00:09"]
[BlackClock "0:00:11"]

1. Nf3 Nf6 2. g3 d5 3. Bg2 e6 4. O-O Be7 5. c4 O-O 6. b3 b6 7. Bb2 Bb7 8. e3 c5 9. Qe2 Nc6 10. a3 Qc7 11. Nc3 Rfd8 12. cxd5 Nxd5 13. Rac1 Nxc3 14. Bxc3 Rac8 15. b4 cxb4 16. axb4 Qb8 17. b5 Na5 18. Nd4 Bxg2 19. Kxg2 Bc5 20. Qg4 Qb7+ 21. Kg1 f5 22. Qf3 Bxd4 23. Qxb7 Nxb7 24. Bxd4 Nd6 25. Rxc8 Rxc8 26. Rb1 Kf7 27. Be5 Nc4 28. Rc1 g6 29. d3 Nd6 30. Rb1 Ke7 31. h4 Kd7 32. Kg2 Rc5 33. Bxd6 Kxd6 34. Ra1 Rc7 35. Kf3 h6 36. d4 Kd5 37. Kf4 Rg7 38. Rc1 g5+ 39. hxg5 hxg5+ 40. Kf3 a5 41. bxa6 Ra7 42. Rb1 Rxa6 43. Rb4 Kc6 44. g4 b5 45. d5+ Kc5 46. dxe6 Rxe6 47. gxf5 Rf6 48. Rb2 Rxf5+ 49. Kg4 Re5 50. f4 gxf4 51. exf4 Re8 52. f5 b4 53. f6 Kc4 54. Kf5 Kc3 55. f7 Rf8 56. Rxb4 Rxf7+ 57. Ke6 Kxb4 58. Kxf7 1/2-1/2


[Site "https://www.chess.com"]

[Event "Titled Tuesday Blitz June 21 Early 2022"]
[White "Antonio, Jorge Carlos"]
[Black "Khabinets, Ivan"]
[WhiteFideId "113190"]
[BlackFideId "14115980"]
[WhiteElo "2247"]
[BlackElo "2114"]
[Result "0-1"]
[Round "06"]
[TimeControl "180+1"]
[Date "2022.06.21"]
[WhiteClock "0:00:34"]
[BlackClock "0:01:09"]

1. d4 d5 2. Nf3 e6 3. Bf4 Nf6 4. e3 Bd6 5. Ne5 O-O 6. Bd3 c5 7. c3 Nc6 8. Nxc6 bxc6 9. Bxd6 Qxd6 10. O-O Rb8 11. b3 cxd4 12. cxd4 c5 13. dxc5 Qxc5 14. Nd2 Bd7 15. Rc1 Qa5 16. Qc2 h6 17. Qb2 Rfc8 18. a3 Bb5 19. Bxb5 Qxb5 20. b4 a5 21. Nf3 axb4 22. Rxc8+ Rxc8 23. Qxb4 Qa6 24. Ra1 Ne4 25. h3 Rc2 26. a4 Rxf2 27. Qb8+ Kh7 28. Qe8 Qe2 29. Ne1 Rf1+ 30. Kh2 Rxe1 31. Rxe1 Qxe1 32. Qxf7 Qg3+ 33. Kg1 Qxe3+ 34. Kh2 d4 35. Qxe6 Qf4+ 36. Kg1 d3 37. Qd5 d2 38. a5 Qe3+ 39. Kh2 Qf4+ 40. Kg1 Qf2+ 41. Kh2 Qg3+ 42. Kg1 Qe1+ 43. Kh2 Nf6 44. Qf5+ Kh8 45. Qc8+ Ne8 46. a6 d1=Q 47. a7 Qd5 48. a8=Q Qde5+ 49. g3 Q5xg3# 0-1


[Site "https://www.chess.com"]

[Event "Titled Tuesday Blitz June 21 Early 2022"]
[White "Araujo Sanchez, Josue"]
[Black "Deviprasath, Sharvesh"]
[WhiteFideId "6416896"]
[BlackFideId "30938228"]
[WhiteElo "2339"]
[BlackElo "2102"]
[Result "1-0"]
[Round "06"]
[TimeControl "180+1"]
[Date "2022.06.21"]
[WhiteClock "0:00:11"]
[BlackClock "0:00:02"]

1. d4 Nf6 2. Bf4 g6 3. e3 Bg7 4. Nf3 O-O 5. h3 d6 6. Bh2 Nc6 7. Be2 e5 8. O-O Nd7 9. c4 f5 10. Nc3 g5 11. dxe5 dxe5 12. Qd5+ Kh8 13. Rad1 e4 14. Nd4 Nxd4 15. exd4 c6 16. Qd6 f4 17. Nxe4 Re8 18. Bf3 Bf8 19. Rfe1 Bxd6 20. Nxd6 Rxe1+ 21. Rxe1 Qa5 22. Re8+ Kg7 23. h4 Nf6 24. Re7+ Kg6 25. hxg5 Qd2 26. Kh1 Kxg5 27. Nf7+ Kf5 28. Nd6+ Kg6 29. Nf7 Qxd4 30. Ne5+ Kf5 31. g4+ fxg3 32. fxg3 Qxe5 33. g4+ Nxg4 34. Bxg4+ Kf6 35. Rxe5 Bxg4 36. Kg1 Rd8 37. Bf4 Rd4 38. Bg3 Rxc4 39. Re3 h5 40. a3 Kg5 41. Re5+ Bf5 42. Re3 h4 43. Be5 Rc2 44. Rf3 Kg4 45. Rf4+ Kg5 46. Rf2 Rc1+ 47. Kh2 Re1 48. Bf4+ Kg4 49. Bd2 1-0


[Site "https://www.chess.com"]

[Event "Titled Tuesday Blitz June 21 Early 2022"]
[White "Baches Garcia, Guillermo"]
[Black "Prokofiev, Valentyn"]
[WhiteFideId "2209764"]
[BlackFideId "14160161"]
[WhiteElo "2465"]
[BlackElo "2142"]
[Result "0-1"]
[Round "06"]
[TimeControl "180+1"]
[Date "2022.06.21"]
[WhiteClock "0:00:03"]
[BlackClock "0:00:24"]

1. e4 e5 2. Nf3 Nc6 3. Bc4 Bc5 4. c3 Nf6 5. d4 exd4 6. cxd4 Bb4+ 7. Bd2 Bxd2+ 8. Nbxd2 d5 9. exd5 Nxd5 10. Qb3 Nce7 11. O-O O-O 12. Ne4 Nb6 13. Bd3 Bg4 14. Ne5 Be6 15. Qc3 Nbd5 16. Qd2 Bf5 17. Rad1 c6 18. Rfe1 Ng6 19. Nc5 Bxd3 20. Qxd3 Ngf4 21. Qg3 Qc7 22. Re4 Ng6 23. h4 Nxe5 24. dxe5 b6 25. Nd3 Ne7 26. Qg5 h6 27. Qe3 c5 28. Rg4 Kh8 29. Nf4 Nf5 30. Qe4 Nd4 31. Nh5 Rg8 32. Rd3 Rae8 33. Rdg3 Rxe5 0-1


[Site "https://www.chess.com"]

[Event "Titled Tuesday Blitz June 21 Early 2022"]
[White "Bachmann, Axel"]
[Black "Bortnyk, Olexandr"]
[WhiteFideId "3700488"]
[BlackFideId "14120828"]
[WhiteElo "2587"]
[BlackElo "2723"]
[Result "0-1"]
[Round "06"]
[TimeControl "180+1"]
[Date "2022.06.21"]
[WhiteClock "0:01:34"]
[BlackClock "0:02:27"]

1. c4 d6 2. Nc3 e5 3. Nf3 f5 4. d4 e4 5. Ng5 Be7 6. h4 Nf6 7. g3 O-O 8. Nh3 c6 9. Bg2 Be6 10. d5 Bf7 11. Ng5 Nbd7 12. Bh3 g6 13. h5 Nxh5 14. Bxf5 Bxg5 15. Bxg5 Qxg5 16. Bxd7 e3 17. Ne4 exf2+ 18. Kf1 Qe7 19. Qd4 Qxe4 0-1


[Site "https://www.chess.com"]

[Event "Titled Tuesday Blitz June 21 Early 2022"]
[White "Barbashin, Igor"]
[Black "Mitrovic, Darko R"]
[WhiteFideId "4155718"]
[BlackFideId "927023"]
[WhiteElo "2138"]
[BlackElo "2150"]
[Result "0-1"]
[Round "06"]
[TimeControl "180+1"]
[Date "2022.06.21"]
[WhiteClock "0:00:09"]
[BlackClock "0:00:05"]

1. d4 Nf6 2. c4 b6 3. Nc3 e6 4. Nf3 Bb4 5. g3 Bxc3+ 6. bxc3 Bb7 7. Bg2 O-O 8. O-O d6 9. Bg5 Nbd7 10. Nd2 Bxg2 11. Kxg2 h6 12. Bxf6 Nxf6 13. e4 e5 14. Re1 Qe7 15. f3 Qe6 16. Qe2 Rae8 17. Nf1 Nd7 18. Ne3 c6 19. Rad1 g6 20. d5 cxd5 21. cxd5 Qe7 22. Nc2 Rc8 23. Rd3 f5 24. Nb4 fxe4 25. Qxe4 Qf6 26. Rde3 Nc5 27. Qg4 h5 28. Qc4 h4 29. Nc6 Rc7 30. Qg4 Rh7 31. Rf1 hxg3 32. hxg3 Qf5 33. Qxf5 gxf5 34. f4 e4 35. g4 fxg4 36. Rg3 Rg7 37. f5 Rf6 38. Rf4 Kf7 39. Nd4 Nd3 40. Rxe4 Ne5 41. Ne6 Rh7 42. Rf4 Rh5 43. Re3 Rhxf5 44. Rxf5 Rxf5 45. Nd4 Rf4 46. Nc6 Rf3 47. Re4 Rxc3 48. Nxe5+ dxe5 49. Rxg4 Rc2+ 50. Kf3 Rxa2 51. Ke4 Ra4+ 52. Kf5 Rxg4 53. Kxg4 Kf6 54. Kf3 a5 55. Ke4 a4 56. Kd3 a3 57. Kc3 e4 58. Kd2 Ke5 59. d6 Kxd6 60. Ke2 Ke5 61. Ke3 b5 62. Kd2 b4 63. Kc2 b3+ 64. Kxb3 Kf4 65. Kxa3 Kf3 66. Kb2 e3 67. Kc1 Kf2 68. Kd1 e2+ 69. Kd2 e1=Q+ 70. Kd3 Qd1+ 0-1


[Site "https://www.chess.com"]

[Event "Titled Tuesday Blitz June 21 Early 2022"]
[White "Barp, Alberto"]
[Black "Tari, Aryan"]
[WhiteFideId "872555"]
[BlackFideId "1510045"]
[WhiteElo "2229"]
[BlackElo "2567"]
[Result "0-1"]
[Round "06"]
[TimeControl "180+1"]
[Date "2022.06.21"]
[WhiteClock "0:01:08"]
[BlackClock "0:01:23"]

1. d4 d5 2. c4 e6 3. Nf3 Nf6 4. g3 Bd6 5. Bg2 h6 6. O-O O-O 7. Nbd2 b6 8. b3 Bb7 9. Bb2 Nbd7 10. Rc1 a5 11. a3 Qe7 12. a4 Bb4 13. Bc3 c5 14. Bxb4 axb4 15. Qc2 Ne4 16. Nxe4 dxe4 17. Nd2 f5 18. dxc5 Nxc5 19. Rcd1 e5 20. Rfe1 Ne6 21. Nf1 Qc5 22. Ne3 f4 23. Nd5 fxg3 24. hxg3 Qxf2+ 25. Kh2 Rf3 0-1


[Site "https://www.chess.com"]

[Event "Titled Tuesday Blitz June 21 Early 2022"]
[White "Begunov, Konstantin"]
[Black "Yurovskykh, Oleksandr"]
[WhiteFideId "4118510"]
[BlackFideId "14134020"]
[WhiteElo "2262"]
[BlackElo "2292"]
[Result "0-1"]
[Round "06"]
[TimeControl "180+1"]
[Date "2022.06.21"]
[WhiteClock "0:00:24"]
[BlackClock "0:02:16"]

1. d4 Nf6 2. c4 c5 3. Nf3 cxd4 4. Nxd4 a6 5. Nc3 d5 6. cxd5 Nxd5 7. g3 Nxc3 8. bxc3 e5 9. Nb3 Qxd1+ 10. Kxd1 Nc6 11. Bg2 Bg4 12. Be3 O-O-O+ 13. Ke1 Ba3 14. Nc5 Bf5 15. Rd1 Rxd1+ 16. Kxd1 Rd8+ 17. Bd2 Bxc5 0-1


[Site "https://www.chess.com"]

[Event "Titled Tuesday Blitz June 21 Early 2022"]
[White "Bharath Subramaniyam H"]
[Black "Sarana, Alexey"]
[WhiteFideId "46634827"]
[BlackFideId "24133795"]
[WhiteElo "2242"]
[BlackElo "2666"]
[Result "1/2-1/2"]
[Round "06"]
[TimeControl "180+1"]
[Date "2022.06.21"]
[WhiteClock "0:00:03"]
[BlackClock "0:00:04"]

1. e4 c5 2. Nf3 d6 3. Bb5+ Bd7 4. Bxd7+ Nxd7 5. O-O e6 6. d4 cxd4 7. Qxd4 Ngf6 8. c4 Qb6 9. Nc3 Qxd4 10. Nxd4 Rc8 11. b3 a6 12. Bb2 Be7 13. Rfd1 O-O 14. Rac1 Rfd8 15. f3 g5 16. Ba3 Nc5 17. Nde2 b6 18. Rd2 Nfd7 19. Rcd1 Ne5 20. Nd4 Ncd7 21. Na4 Nc5 22. Nc3 Kf8 23. Nc2 h5 24. Kf2 h4 25. Ke2 Ng6 26. g3 h3 27. Ne3 Ne5 28. Bb2 Ng6 29. Ng4 Nd7 30. Nf2 Nde5 31. Nxh3 g4 32. Ng1 gxf3+ 33. Nxf3 Nxf3 34. Kxf3 Bf6 35. Rxd6 Rxd6 36. Rxd6 b5 37. Nd1 Be7 38. Rxa6 bxc4 39. bxc4 Rxc4 40. Ne3 Rc8 41. a4 Bc5 42. Ng4 Ke8 43. Ne5 Ne7 44. Ra5 Bd6 45. Ng4 Nc6 46. Rh5 Ke7 47. Bf6+ Kd7 48. Rh7 Rf8 49. Nh6 Be5 50. Bxe5 Nxe5+ 51. Kf4 Kd6 52. Ng4 Nd3+ 53. Ke3 Nc5 54. a5 f5 55. exf5 exf5 56. Nh6 Re8+ 57. Kf4 Nd3+ 58. Kxf5 Re5+ 59. Kg4 Rxa5 60. Nf5+ Ke6 61. Rh6+ Kf7 62. Rd6 Ne5+ 63. Kf4 Ng6+ 64. Kg5 Ne5 65. Rf6+ Ke8 66. Re6+ Kf7 67. Re7+ Kf8 68. h3 Nf7+ 69. Rxf7+ Kxf7 70. g4 Ra3 71. h4 Rh3 72. h5 Rh1 73. h6 Rh2 74. Ng3 Rh3 75. Nh5 Kg8 76. Kg6 Ra3 77. g5 Kh8 78. Nf6 Ra5 79. Ng4 Rb5 80. Ne3 Rb3 81. Nc4 Rb4 82. Ne5 Rb6+ 83. Kf5 Rb5 84. Kf6 Kh7 85. Nf7 Rb6+ 86. Kf5 Rb5+ 87. Kg4 Kg6 88. Nh8+ Kh7 89. Nf7 Kg6 90. Nh8+ Kh7 91. Nf7 1/2-1/2


[Site "https://www.chess.com"]

[Event "Titled Tuesday Blitz June 21 Early 2022"]
[White "Bilych, Olexiy"]
[Black "Avazkhonov, Alikhon"]
[WhiteFideId "14156504"]
[BlackFideId "14208504"]
[WhiteElo "2189"]
[BlackElo "1739"]
[Result "1-0"]
[Round "06"]
[TimeControl "180+1"]
[Date "2022.06.21"]
[WhiteClock "0:00:10"]
[BlackClock "0:00:02"]

1. e4 c5 2. Nf3 d6 3. d4 cxd4 4. Nxd4 Nf6 5. Nc3 a6 6. Be3 e5 7. Nb3 Be6 8. f3 h5 9. Qd2 Nbd7 10. O-O-O Rc8 11. Kb1 b5 12. Nd5 Bxd5 13. exd5 Nb6 14. Bxb6 Qxb6 15. Na5 Be7 16. c4 O-O 17. Be2 Rfe8 18. Rc1 b4 19. Nc6 a5 20. c5 dxc5 21. Nxe5 Bd6 22. Nc4 Qc7 23. g3 Rcd8 24. Bd1 Bf8 25. Ba4 Rxd5 26. Qxd5 Nxd5 27. Bxe8 Qb8 28. Rhe1 g6 29. Bc6 Nf6 30. Rcd1 Bg7 31. Ba4 Qc7 32. Bb3 Qa7 33. Nd6 c4 34. Bxc4 Qf2 35. Nxf7 Ne4 36. Ng5+ Kh8 37. Re2 1-0


[Site "https://www.chess.com"]

[Event "Titled Tuesday Blitz June 21 Early 2022"]
[White "Bluebaum, Matthias"]
[Black "Lazavik, Denis"]
[WhiteFideId "24651516"]
[BlackFideId "13515110"]
[WhiteElo "2556"]
[BlackElo "2437"]
[Result "1-0"]
[Round "06"]
[TimeControl "180+1"]
[Date "2022.06.21"]
[WhiteClock "0:00:43"]
[BlackClock "0:00:03"]

1. d4 Nf6 2. c4 e6 3. Nc3 Bb4 4. e3 O-O 5. Bd2 d5 6. Nf3 b6 7. cxd5 exd5 8. Rc1 Re8 9. Ne5 Bb7 10. Bb5 c6 11. Bd3 c5 12. a3 Bxc3 13. Bxc3 Nbd7 14. O-O Nf8 15. f4 cxd4 16. exd4 Ne4 17. Qh5 g6 18. Qh6 f6 19. Ng4 Bc8 20. f5 Bxf5 21. Ne3 Qd7 22. Nxf5 gxf5 23. Qh5 Ng6 24. Rxf5 Rad8 25. Rcf1 Re6 26. Bxe4 Rxe4 27. Rxf6 Rde8 28. Rf7 Qxf7 29. Rxf7 Kxf7 30. Qxd5+ Kf6 31. Qd7 R8e7 32. d5+ Kf7 33. Qf5+ Ke8 34. d6 R7e6 35. Qb5+ Kd8 36. Qc6 Ne5 37. Qc7+ Ke8 38. Bxe5 1-0


[Site "https://www.chess.com"]

[Event "Titled Tuesday Blitz June 21 Early 2022"]
[White "Borgaonkar Akshay"]
[Black "Mahitosh, Dey"]
[WhiteFideId "25639110"]
[BlackFideId "25091468"]
[WhiteElo "1660"]
[BlackElo "1624"]
[Result "1-0"]
[Round "06"]
[TimeControl "180+1"]
[Date "2022.06.21"]
[WhiteClock "0:01:17"]
[BlackClock "0:01:09"]

1. e4 e5 2. Nf3 Nf6 3. Nxe5 d6 4. Nd3 Nxe4 5. Qe2 Qe7 6. Nf4 Nf6 7. d4 d5 8. Nc3 c6 9. h3 Qxe2+ 10. Bxe2 Bd6 11. Be3 O-O 12. O-O-O b5 13. Bd3 Nbd7 14. g4 Nb6 15. g5 Ne8 16. b3 Nc7 17. Nce2 a5 18. c3 b4 19. c4 Bxf4 20. Bxf4 Ne6 21. c5 Nxf4 22. Nxf4 Nd7 23. Rhe1 Bb7 24. Re7 Rad8 25. h4 Bc8 26. h5 Rde8 27. Rde1 Rxe7 28. Rxe7 Rd8 29. g6 hxg6 30. hxg6 fxg6 31. Bxg6 Rf8 32. Ne6 Rf6 33. Re8+ Nf8 34. Bh7+ Kxh7 35. Nxf8+ Kg8 36. Nd7+ Kf7 37. Nxf6 gxf6 38. Rxc8 1-0


[Site "https://www.chess.com"]

[Event "Titled Tuesday Blitz June 21 Early 2022"]
[White "Borisova, Ekaterina"]
[Black "Xu, Yi"]
[WhiteFideId "34124184"]
[BlackFideId "8605564"]
[WhiteElo "2039"]
[BlackElo "2471"]
[Result "1/2-1/2"]
[Round "06"]
[TimeControl "180+1"]
[Date "2022.06.21"]
[WhiteClock "0:00:05"]
[BlackClock "0:00:15"]

1. d4 Nf6 2. c4 e6 3. g3 d5 4. Nf3 Bb4+ 5. Nbd2 O-O 6. Bg2 dxc4 7. Qc2 a5 8. a3 Bxd2+ 9. Bxd2 b5 10. a4 c6 11. h4 h6 12. h5 Ra7 13. Rh4 Nd5 14. Ne5 f6 15. Ng6 Re8 16. Rd1 Na6 17. Qc1 Nab4 18. Kf1 Rf7 19. Be4 f5 20. Bb1 Bb7 21. Kg1 Ba6 22. Re1 Nf6 23. Ne5 Rc7 24. e4 c5 25. dxc5 Rxc5 26. exf5 exf5 27. Ng6 Rd5 28. Rxe8+ Nxe8 29. axb5 Bxb5 30. Be1 Rd1 31. Qe3 Rxb1 32. Qe6+ Kh7 33. Nf8+ Kh8 34. Ng6+ Kh7 35. Nf8+ Kh8 36. Ng6+ Kh7 1/2-1/2


[Site "https://www.chess.com"]

[Event "Titled Tuesday Blitz June 21 Early 2022"]
[White "Boyer, Mahel"]
[Black "Horak, Martin"]
[WhiteFideId "45102422"]
[BlackFideId "367095"]
[WhiteElo "2400"]
[BlackElo "1997"]
[Result "1-0"]
[Round "06"]
[TimeControl "180+1"]
[Date "2022.06.21"]
[WhiteClock "0:00:02"]
[BlackClock "0:00:04"]

1. d4 Nf6 2. c4 e6 3. Nc3 Bb4 4. Qc2 O-O 5. Bg5 d5 6. Nf3 h6 7. Bh4 c5 8. dxc5 Nbd7 9. a3 Bxc3+ 10. Qxc3 g5 11. Bg3 Nxc5 12. Be5 Nce4 13. Qd4 dxc4 14. Qxd8 Rxd8 15. e3 b5 16. Nd4 Ng4 17. Bc7 Rd7 18. Bg3 Ba6 19. Be2 Nxg3 20. hxg3 Nf6 21. Rxh6 Kg7 22. Rh3 Rc8 23. f4 c3 24. fxg5 Ne4 25. bxc3 Nxg5 26. Rh5 Kg6 27. Rc1 Rdc7 28. Kd2 Ne4+ 29. Kd3 Nxg3 30. Rh3 b4+ 31. c4 Nxe2 32. Kxe2 Rxc4 33. Rxc4 Rxc4 34. Kd2 bxa3 35. Rg3+ Kf6 36. Rf3+ Ke7 37. Rf1 Rb4 38. Ra1 Rb2+ 39. Kc3 Rxg2 40. Rxa3 Bc8 41. Rxa7+ Bd7 42. Kd3 f5 43. Nf3 Rg3 44. Ne5 Kd6 45. Nxd7 f4 46. Kd4 fxe3 47. Ne5 e2 48. Rd7# 1-0


[Site "https://www.chess.com"]

[Event "Titled Tuesday Blitz June 21 Early 2022"]
[White "Buscar, Michael"]
[Black "Cramling Bellon, Anna"]
[WhiteFideId "2603616"]
[BlackFideId "32009232"]
[WhiteElo "2010"]
[BlackElo "1905"]
[Result "1-0"]
[Round "06"]
[TimeControl "180+1"]
[Date "2022.06.21"]
[WhiteClock "0:00:24"]
[BlackClock "0:00:05"]

1. Nf3 d5 2. g3 c5 3. Bg2 Nc6 4. O-O e5 5. d3 Nf6 6. e4 d4 7. Nbd2 Be7 8. a4 Qc7 9. Nc4 O-O 10. Nfd2 Be6 11. f4 a6 12. a5 Bg4 13. Qe1 Nb4 14. Na3 Qxa5 15. Ndc4 Qc7 16. Nxe5 b5 17. Nxg4 Nxg4 18. h3 Nf6 19. e5 Nfd5 20. c3 Nxd3 21. Qe2 Nxc1 22. Raxc1 Rad8 23. cxd4 c4 24. Nc2 Qb6 25. Be4 f5 26. Bf3 Nc7 27. Rfd1 Ne6 28. Qf2 Nxd4 29. Nxd4 Bc5 30. Kh2 Bxd4 31. Qg2 Be3 32. Bd5+ Kh8 33. Rc2 Qh6 34. Re2 Bc5 35. Ra1 g5 36. fxg5 Qxg5 37. Rxa6 f4 38. Bf3 fxg3+ 39. Qxg3 Qxg3+ 40. Kxg3 Rg8+ 41. Bg4 Rd3+ 42. Kh2 Bd4 43. e6 Be3 44. e7 Bf4+ 45. Kg2 Rg3+ 46. Kf2 Re8 47. Rf6 Bh6 48. Rxh6 Rd3 49. Rf6 Kg7 50. Rf3 Rd6 51. Rfe3 Rf6+ 52. Kg3 Rg6 53. Kh4 h5 54. Bxh5 Rh6 55. Re5 Reh8 56. e8=Q Rxh5+ 57. Rxh5 Rxe8 58. Rxe8 c3 59. bxc3 b4 60. cxb4 Kg6 61. Ree5 Kg7 62. b5 Kf6 63. b6 Kg6 64. b7 Kg7 65. b8=Q Kg6 66. Qd6+ Kf7 67. Re7+ Kf8 68. Rh8# 1-0


[Site "https://www.chess.com"]